 Dungeon Crawl Stone Soup version 0.28.0 (webtiles) character file.

Game seed: 17466353730566829984

242 bonscott the Grave Robber (level 5, -7/35 HPs)
             Began as a Vampire Necromancer on Feb 16, 2022.
             Mangled by Edmund (8 damage)
             ... on level 4 of the Dungeon.
             The game lasted 00:27:22 (3918 turns).

bonscott the Grave Robber (Vampire Necromancer)     Turns: 3918, Time: 00:27:23

Health: -7/35      AC:  6    Str:  9    XL:     5   Next: 81%
Magic:  0/11       EV: 12    Int: 18    God:
Gold:   141        SH:  0    Dex: 14    Spells: 6/12 levels left

rFire   + . .      SeeInvis +   q - +3 spear
rCold   . . .      Faith    .   (no shield)
rNeg    . . .      Spirit   .   f - +2 robe {rF+}
rPois   .          Reflect  .   (no helmet)
rElec   .          Harm     .   h - +0 cloak
rCorr   .          Rampage  .   (no gloves)
Will    .....                   a - +0 pair of boots
Stlth   ++........              (no amulet)
HPRegen 0.31/turn               (no ring)
MPRegen 0.12/turn               (no ring)

@: healing quickly
A: alive, fangs 3, see invisible, vampiric 2
a: Exsanguinate


You were on level 4 of the Dungeon.
You visited 1 branch of the dungeon, and saw 4 of its levels.

You collected 141 gold pieces.

Inventory:

Hand Weapons
 e - a +0 dagger
 m - a +0 halberd
 n - a +0 spear
 p - a +0 flail of protection
 q - a +3 spear (weapon)
Missiles
 i - 4 datura-tipped darts
 F - 79 stones
Armour
 a - a +0 pair of boots (worn)
 f - a +2 robe of fire resistance (worn)
 h - a +0 cloak (worn)
 k - a +0 leather armour
 o - the +5 chain mail of the Seven Prophets {Rampage}
   (You found it on level 3 of the Dungeon)

   Rampage:   It bestows one free step when moving towards enemies.
Scrolls
 c - 2 scrolls of amnesia {unknown}
 j - 2 scrolls of identify {unknown}
 l - a scroll of holy word {unknown}
 r - a scroll of magic mapping {unknown}
 t - a scroll of fog {unknown}
Potions
 b - 2 potions of heal wounds {unknown}
 d - a potion of haste
 g - 3 potions of lignification {unknown}
 s - a potion of brilliance {unknown}
 u - a potion of magic {unknown}


   Skills:
 + Level 3.0 Armour
 - Level 2.1 Dodging
 - Level 3.0 Stealth
 - Level 4.0 Spellcasting
 - Level 5.0 Necromancy


You had 6 spell levels left.
You knew the following spells:

 Your Spells              Type           Power      Damage    Failure   Level
i - Pain                  Necr           84%        1d8       1%          1
m - Vampiric Draining     Necr           21%        2d7       5%          3
q - Blink                 Tloc           6%         N/A       22%         2

Your spell library contained the following spells:

 Spells                   Type           Power      Damage    Failure   Level
 Animate Skeleton         Necr           42%        N/A       1%          1
 Animate Dead             Necr           10%        N/A       19%         4
 Conjure Flame            Conj/Fire      3%         6-21      41%         3
 Ignite Poison            Fire/Tmut/Pois 3%         N/A       41%         3
 Agony                    Necr           21%        N/A       45%         5
 Sticky Flame             Conj/Fire      3%         2d3       82%         4
 Manifold Assault         Tloc           3%         N/A       99%         5
 Silence                  Hex/Air        1%         N/A       99%         5
 Spellforged Servitor     Conj/Summ      1%         N/A       100%        7
 Storm Form               Tmut/Air       1%         N/A       100%        7


Dungeon Overview and Level Annotations

Branches:
Dungeon (4/15)
 Temple: D:4-7

Altars:

Shops:
D:2 **(*?   D:3 [

Annotations:
D:3 Sigmund
D:4 Edmund


Innate Abilities, Weirdness & Mutations

Your natural rate of healing is accelerated.
You have razor-sharp teeth.
You have supernaturally acute eyesight. (SInv)
You are afflicted with vampirism and can become a bat while bloodless.


Message History

Casting: Vampiric Draining (dangerous; 5% risk of failure)
Confirm with . or Enter, or press ? or * to list all spells.
You don't have enough magic to cast this spell.
Unknown command.
Casting: Vampiric Draining (dangerous; 5% risk of failure)
Confirm with . or Enter, or press ? or * to list all spells.
You don't know that spell.
Unknown command.
Casting: Vampiric Draining (dangerous; 5% risk of failure)
Confirm with . or Enter, or press ? or * to list all spells.
Aiming: Pain (safe; 1% risk of failure)
Press: ? - help, Shift-Dir - straight line, f/p - Edmund
Aim: Edmund, wielding a +1 vorpal flail and wearing a +0 ring mail (heavily wounded, fast, chance to affect: 80%) Edmund writhes in agony.
Edmund barely misses you. Edmund hits you with a +1 vorpal flail.
Casting: Pain (safe; 1% risk of failure)
Confirm with . or Enter, or press ? or * to list all spells.
Aiming: Pain (safe; 1% risk of failure)
Press: ? - help, Shift-Dir - straight line, f/p - Edmund
Aim: Edmund, wielding a +1 vorpal flail and wearing a +0 ring mail (severely wounded, fast, chance to affect: 80%) Edmund writhes in agony.
Edmund closely misses you.
You barely miss Edmund. You bite Edmund.
Edmund is severely wounded.
Edmund closely misses you. Edmund hits you with a +1 vorpal flail.
You hit Edmund.
Edmund is almost dead.
Edmund hits you but does no damage. Edmund hits you with a +1 vorpal flail.
You hit Edmund.
Edmund is almost dead.
Edmund hits you with a +1 vorpal flail.
* * * LOW HITPOINT WARNING * * *
Casting: Pain (safe; 1% risk of failure)
Confirm with . or Enter, or press ? or * to list all spells.
Aiming: Pain (safe; 1% risk of failure)
Press: ? - help, Shift-Dir - straight line, f/p - Edmund
Aim: Edmund, wielding a +1 vorpal flail and wearing a +0 ring mail (almost dead, fast, chance to affect: 80%) Edmund barely resists.
Edmund hits you with a +1 vorpal flail.
* * * LOW HITPOINT WARNING * * *
x2 Edmund hits you with a +1 vorpal flail!
You die...

#.#.#.##.# #.#......#
#.#.#.##.# #
########.#.#@##.#....
.........#.#.........
##############.#.#.##......
(......###.....#.#.# #.##.
................@#.. #
....##.###.#####@### #
##.......#.#####.#####....
.........................>
##..##.#.#.#####....##....
#..##.#.#............. .
#).##.#.########...##.#
#..##......######... ..
#..####.............# #.
##..........######...#


You could see Edmund (fast).

Vanquished Creatures
  2 jellies
  An iguana (D:4)
  6 gnolls
  3 adders
  A worm (D:2)
  3 dart slugs (D:1)
  7 endoplasms
  3 giant cockroaches
  4 goblins
  2 hobgoblins
  2 quokkas
  7 ball pythons
  7 bats
  A frilled lizard (D:2)
  6 kobolds
  6 rats
61 creatures vanquished.

Vanquished Creatures (others)
  11 plants (D:2)
11 creatures vanquished.

Grand Total: 72 creatures vanquished

Notes
Turn   | Place    | Note
-------+----------+-------------------------------------------
     0 | D:1      | bonscott the Vampire Necromancer began the quest for the
                  | Orb.
     0 | D:1      | Reached XP level 1. HP: 13/13 MP: 3/3
    34 | D:1      | Got the Disquisition on Captivating Conjuration
   318 | D:1      | Reached XP level 2. HP: 17/19 MP: 1/5
   871 | D:2      | Gained mutation: You are afflicted with vampirism and can
                  | become a bat while bloodless. [Vampire growth]
   871 | D:2      | Reached XP level 3. HP: 21/24 MP: 2/7
  1004 | D:2      | Found a faded altar of an unknown god.
  1176 | D:2      | Reached skill level 5 in Necromancy
  1323 | D:2      | Found Xonas's Assorted Antiques.
  1325 | D:2      | Found Laenipnen's Magic Scroll Shop.
  1330 | D:2      | Found Aphediemm's Antique Weapon Emporium.
  1432 | D:2      | Found Anaydghi's Assorted Antiques.
  1516 | D:2      | Reached skill level 1 in Armour
  1728 | D:2      | Found Wenugh's General Store.
  2135 | D:2      | Reached XP level 4. HP: 26/30 MP: 3/8
  2605 | D:3      | Learned a level 2 spell: Blink
  2609 | D:3      | Learned a level 3 spell: Vampiric Draining
  2851 | D:3      | Noticed Sigmund
  3021 | D:3      | Identified the +5 chain mail of the Seven Prophets
                  | {Rampage}
  3229 | D:3      | Reached XP level 5. HP: 32/35 MP: 5/10
  3345 | D:3      | Found Fesch's Armour Shoppe.
  3898 | D:4      | Noticed Edmund
  3918 | D:4      | HP: 1/35 [Edmund (2)]
  3918 | D:4      | Mangled by Edmund

Illustrated notes

Levels and vault maps discovered:
D:1:      lemuel_arrival_river_passageway, layout_rooms
D:2:      layout_basic, dilly_ecumenical_altar_fadedgnrine, serial_glass,
          glass_columns_a, glass_columns_a, glass_columns_c, glass_columns_c,
          glass_columns_c, glass_columns_c, glass_columns_b, glass_columns_b,
          glass_columns_b, glass_columns_a, glass_columns_b, glass_columns_a,
          glass_columns_c, glass_columns_b, serial_shops,
          nicolae_shop_behind_doors, shop, shop, nicolae_shop_stone,
          nicolae_shop_hallway_plus
D:3:      layout_basic, serial_shops, shop, uniq_sigmund
D:4:      layout_basic, nicolae_overflow_hidden_temple, abandoned_shop,
          uniq_edmund

Skill      XL: |  1  2  3  4  5 |
---------------+----------------+-----
Spellcasting   | 3 4 |  4.0
Necromancy     | 5 |  5.0
Armour         | 1 2 3 |  3.0
Dodging        | |  2.1
Stealth        | |  3.0

Action                   |  1- 3 |  4- 6 || total
-------------------------+-------+-------++-------
Melee: Dagger            |     2 |       ||     2
       Spear             |       |     3 ||     3
       Bite              |       |     1 ||     1
Throw: Stone             |     9 |    12 ||    21
 Cast: Pain              |    76 |    67 ||   143
       Vampiric Draining |       |     3 ||     3
Armor: Robe              |     5 |     3 ||     8
Dodge: Dodged            |    12 |    10 ||    22
